cohdb
Replays
Latest Replays
All Replays
Popular Replays
Top Player Replays
Match Explorer
How It Works
Community
CoH3 Stats
Reddit
Sign in to upload your games and track your stats! →
Sign in with Steam
Match 44138232
Unlisted
Match 44138232
Overview
Messages
Build Orders
End
Selects Italian Combined Arms Battlegroup
Selects Bersaglieri Squad
Bersaglieri Squad
Panzerpioneer Squad
Bersaglieri Squad
Bersaglieri Squad
Selects Bersaglieri Bolster
Construct Light Support Kompanie
2.5-tonne Medical Truck
Fire Support Elements
Bersaglieri Squad
2.5-tonne Medical Truck
Selects Breda Model 30 Light Machine Guns
Construct Panzerarmee Kommand
Selects Semovente da 75/18 Assault Gun
Semovente da 75/18 Assault Gun
Semovente da 75/18 Assault Gun
Selects Strafing Run
Strafing Run
Semovente da 75/18 Assault Gun
Strafing Run
Panzerpioneer Squad
Selects Artillery Cover
Bersaglieri Squad
Semovente da 75/18 Assault Gun
Semovente da 75/18 Assault Gun
Strafing Run
Emergency Repair Kits
Bersaglieri Squad
Strafing Run
Strafing Run
Geoffrey Bisol
WasaBee
cij1904
vincent
스투화이팅
Hemera.Helio
Asspasia
Mowferless
0
0
Comments
sign in to comment!
No comments posted yet!